 Dungeon Crawl Stone Soup version 0.32-a0-818-gb728d0252e (webtiles) character file.

Game seed: 13619050052458245925

82 hikkokomori the Apothecary (level 4, -2/30 HPs)
             Began as a Coglin Alchemist on Mar 24, 2024.
             Slain by a gnoll
             ... wielding a +0 flail
              (5 damage)
             ... on level 2 of the Dungeon.
             The game lasted 00:04:08 (1489 turns).

hikkokomori the Apothecary (Coglin Alchemist)       Turns: 1489, Time: 00:04:09

Health: -2/30      AC:  7    Str:  8    XL:     4   Next: 43%
Magic:  1/7        EV: 11    Int: 16    God:
Gold:   70         SH:  0    Dex: 15    Spells: 4/8 levels left

rFire   . . .        h - +0 whip {Chiraphon}
rCold   . . .        l - staff of conjuration {Kasem}
rNeg    . . .        a - +0 robe
rPois   .            (helmet restricted)
rElec   .            f - +2 cloak
rCorr   .            (no gloves)
SInv    .            (no boots)
Will    .....        (amulet unavailable)
Stlth   ++           (ring unavailable)
HPRegen 0.25/turn    (ring unavailable)
MPRegen 0.10/turn    (no gizmo)

%: no passive effects
@: very slightly contaminated
A: off-hand wielding, slow wielding, warmup strikes, no jewellery, antennae 1,
iridescent scales 1, deterioration 1, mutation resistance 1
a: Invent Gizmo


You were on level 2 of the Dungeon.
You visited 1 branch of the dungeon, and saw 2 of its levels.

You collected 70 gold pieces.

Inventory:

Hand Weapons
 h - a +0 whip (weapon) {Chiraphon}
Armour
 a - a +0 robe (worn)
 d - the +1 ring mail of Aploucube {rElec Str+4 Int+2}
   (You found it on level 2 of the Dungeon)

   Str+4:     It affects your strength (+4).
   Int+2:     It affects your intelligence (+2).
   rElec:     It insulates you from electricity.
 f - a +2 cloak (worn)
Magical Staves
 l - a staff of conjuration (offhand) {Kasem}
Scrolls
 c - a scroll of fog {unknown}
 j - 2 scrolls of revelation
Potions
 b - a potion of magic
 i - a potion of enlightenment
 k - 4 potions of resistance
 m - a potion of brilliance {unknown}


   Skills:
 + Level 1.0 Armour
 - Level 1.8 Dodging
 - Level 1.6 Stealth
 + Level 2.5 Spellcasting
 + Level 2.0 Conjurations
 + Level 4.0 Alchemy


You had 4 spell levels left.
You knew the following spells:

 Your Spells              Type           Power      Damage    Failure   Level
a - Sting                 Conj/Alch      68%        1d7       5%          1
b - Mephitic Cloud        Conj/Alch/Air  12%        N/A       26%         3

Your spell library contained the following spells:

 Spells                   Type           Power      Damage    Failure   Level
 Mercury Vapours          Alch/Air       16%        N/A       13%         2
 Scorch                   Fire           4%         2d5       30%         2
 Olgreb's Toxic Radiance  Alch           14%        N/A       36%         4
 Sticky Flame             Fire/Alch      8%         2d4       65%         4
 Flame Wave               Conj/Fire      7%         2d5       78%         4
 Summon Cactus Giant      Summ           1%         N/A       100%        6


Dungeon Overview and Level Annotations

Branches:
Dungeon (2/15)

Altars:

Shops:
D:2 (


Innate Abilities, Weirdness & Mutations

You can wield a second weapon in your off-hand.
It takes a long time for you to wield or remove held weapons.
Your first few attacks do less damage.
You cannot equip rings or amulets.
You have a pair of small antennae on your head.
You are partially covered in iridescent scales. (AC +2)
Your body sometimes deteriorates upon taking damage.
You are somewhat resistant to further mutation.


Message History

The gnoll looks even sicker.
The gnoll is heavily wounded.
The gnoll shouts!
You hear a shout!
The gnoll hits you from afar with a +0 spear!
The gnoll closely misses you.
Casting: Sting (safe; 5% risk of failure)
Confirm with . or Enter, or press ? or * to list all spells.
Aiming: Sting (safe; 5% risk of failure)
Press: ? - help, Shift-Dir - straight line, f/p - gnoll
Aim: a gnoll, wielding a +0 spear (77% to hit)
You feel a surge of power!
You miscast Sting.
You are very lightly contaminated with residual magic.
Nothing appears to happen.
The gnoll hits you from afar with a +0 spear.
The gnoll closely misses you.
Casting: Sting (safe; 5% risk of failure)
Confirm with . or Enter, or press ? or * to list all spells.
Aiming: Sting (safe; 5% risk of failure)
Press: ? - help, Shift-Dir - straight line, f/p - gnoll
Aim: a gnoll, wielding a +0 spear (77% to hit)
You feel a surge of power!
The sting hits the gnoll but does no damage.
The gnoll looks even sicker.
The gnoll is severely wounded.
The gnoll hits you with a +0 flail!
* * * LOW HITPOINT WARNING * * *
The gnoll misses you.
As you read the scroll labelled TAGUL GILILU, it crumbles to dust.
It is a scroll of enchant armour.
Your +1 cloak glows green for a while.
The gnoll hits you with a +0 flail.
* * * LOW HITPOINT WARNING * * *
Okay, then.
It was a potion of mutation.
You feel extremely strange.
Iridescent scales grow over part of your body.
You feel yourself wasting away. A pair of antennae grows on your head!
You feel genetically stable. The gnoll barely misses you.
A gnoll comes into view. It is wielding a +0 flail.
The gnoll hits you with a +0 flail.
You die...

,****,,,,,,,,,,,,,***********,,##
,*,,,,.......,***,,,,,,,,,,,,,...
,*,**,....J..,,,**************#.#
,*,**,...)...,*,* #.#
,*,**,.......<*,* ##########..
,*,**,.......,*,*#####..........#
,*,,,,.......,,,*#...#...........
,*****....g..#####...#..........#
,,,,,,.......ggg@....'...........
******.......#####...#...........
*.......* #...#...........
*....g..* #####...........
*.......* #........... *.......*
#........... *.......*
#........... *.......*
#######.##.. ********* #.*#..


You could see 4 gnolls.

Vanquished Creatures
  Terence (D:2)
  2 adders (D:2)
  A ribbon worm (D:2)
  4 bats
  5 endoplasms
  A giant cockroach (D:2)
  3 goblins
  4 hobgoblins
  2 jackals (D:1)
  A kobold (D:1)
  2 quokkas (D:1)
  2 ball pythons
  3 frilled lizards
  6 rats
37 creatures vanquished.

Notes
Turn   | Place    | Note
-------+----------+-------------------------------------------
     0 | D:1      | hikkokomori the Coglin Alchemist began the quest for the
                  | Orb.
     0 | D:1      | Reached XP level 1. HP: 13/13 MP: 3/3
    54 | D:1      | Reached skill level 1 in Conjurations
   294 | D:1      | Reached XP level 2. HP: 19/19 MP: 2/4
  1067 | D:1      | Reached XP level 3. HP: 21/24 MP: 0/6
  1182 | D:2      | Found Fiojy's Weapon Emporium.
  1277 | D:2      | Identified the +1 ring mail of Aploucube {rElec Str+4
                  | Int+2}
  1293 | D:2      | Learned a level 3 spell: Mephitic Cloud
  1315 | D:2      | Noticed Terence
  1332 | D:2      | Killed Terence
  1333 | D:2      | Reached XP level 4. HP: 24/30 MP: 0/7
  1336 | D:2      | Reached skill level 4 in Alchemy
  1480 | D:2      | Reached skill level 1 in Armour
  1489 | D:2      | Gained mutation: You are partially covered in iridescent
                  | scales. (AC +2) [potion of mutation]
  1489 | D:2      | Gained mutation: Your body sometimes deteriorates upon
                  | taking damage. [potion of mutation]
  1489 | D:2      | Gained mutation: You have a pair of small antennae on your
                  | head. [potion of mutation]
  1489 | D:2      | Gained mutation: You are somewhat resistant to further
                  | mutation. [potion of mutation]
  1489 | D:2      | Slain by a gnoll

Illustrated notes

Levels and vault maps discovered:
D:1:      ldierk_walled_garden, layout_loops_ring
D:2:      layout_basic, serial_shops, nicolae_shop_bloodbath_and_beyond,
          uniq_jessica, uniq_terence

Skill      XL: |  1  2  3  4 |
---------------+-------------+-----
Conjurations   | 1 2 |  2.0
Spellcasting   | 2 |  2.5
Alchemy        | 4 |  4.0
Armour         | 1 |  1.0
Dodging        | |  1.8
Stealth        | |  1.6

Action                     |  1- 3 |  4- 6 || total
---------------------------+-------+-------++-------
  Melee: Unarmed           |     7 |       ||     7
         Staff             |    14 |    25 ||    39
         Whip              |    13 |    23 ||    36
   Cast: Sting             |    52 |     9 ||    61
         Mephitic Cloud    |     1 |       ||     1
    Use: Scroll            |     4 |     1 ||     5
         Potion            |       |     1 ||     1
   Stab: Sleeping          |     1 |       ||     1
         Confused          |     3 |       ||     3
 Armour: Robe              |    24 |    21 ||    45
  Dodge: Dodged            |    25 |    23 ||    48

Table legend: (Time is in decaauts)
 A = Elapsed time spent in this place.
 B = Non-inter-level travel time spent in this place.
 C = Inter-level travel time spent in this place.
 D = Time resting spent in this place.
 E = Time spent auto-exploring this place.
 F = Levels seen in this place.
 G = Mean time per level.
                   A        B        C        D        E       F      G
               +--------+--------+--------+--------+--------+-----+--------+
         Total |   1494 |   1472 |     22 |     22 |   1177 |   2 |  747.0 |
       Dungeon |   1494 |   1472 |     22 |     22 |   1177 |   2 |  747.0 |
               +--------+--------+--------+--------+--------+-----+--------+

Top non-repeatable levels by time:
     D:1: 1177 daAuts
     D:2: 316 daAuts
